Map: Eternal Empire LE

Players

Nina - Winner!

  • Race: Protoss Protoss
  • League: Grandmaster
  • Spawn Location: 7:00

MaSa

  • Race: Terran Terran
  • League: Master
  • Spawn Location: 1:00

Event: DreamHack SC2 Masters 2020 Fall

VOD

Have the link to the VOD?

Description

Time

  • Played on: Sept. 1, 2020, 6:22 p.m.
  • Length: 25:04

All games in this series

Show
View Real Time Build Order
Export as new Build Order

Nina Protoss - Winner!

Build Orders: 1 Gate Expand, Oracle Opening, Colossus Rush 

Get SALT Encoding   

  12  0:00  Probe  
  13  0:12  Probe  
  14  0:17  Pylon  
  14  0:24  Probe (Chrono Boost)  
  15  0:36  Probe (Chrono Boost)  
  15  0:37  Gateway  
  16  0:44  Probe (Chrono Boost)  
  16  0:49  Assimilator  
  17  0:51  Probe  
  18  1:03  Probe  
  19  1:15  Probe  
  20  1:24  Cybernetics Core  
  20  1:35  Nexus  
  20  1:43  Pylon  
  20  1:44  Probe  
  21  1:56  Probe  
  21  1:57  Assimilator  
  21  1:58  Adept (Chrono Boost)  
  23  2:08  Probe  
  24  2:20  Probe  
  24  2:21  Adept (Chrono Boost)  
  27  2:27  Stargate  
  27  2:33  Probe, Pylon  
  28  2:40  Warp Gate  
  28  2:45  Probe, Adept (Chrono Boost)  
  28  2:51  Probe  
  32  2:57  Probe  
  33  3:03  Probe  
  34  3:08  Oracle (Chrono Boost)  
  37  3:14  Gateway  
  37  3:21  Shield Battery  
  37  3:22  Probe  
  37  3:25  Probe  
  39  3:34  Probe  
  39  3:37  Probe, Oracle (Chrono Boost)  
  44  3:46  Probe  
  45  3:49  Probe, Gateway  
  46  3:58  Probe  
  46  4:01  Probe  
  47  4:10  Probe  
  47  4:11  Phoenix  
  47  4:13  Probe  
  51  4:18  Pylon  
  51  4:21  Robotics Facility  
  51  4:22  Probe  
  52  4:24  Assimilator  
  52  4:25  Probe  
  52  4:29  Assimilator  
  53  4:34  Probe  
  53  4:37  Probe, Pylon  
  53  4:38  Phoenix  
  54  4:46  Probe  
  54  4:49  Stalker  
  54  4:50  Probe, Adept  
  60  4:57  Pylon  
  60  4:59  Probe  
  61  5:02  Probe, Pylon  
  61  5:04  Phoenix (Chrono Boost)  
  64  5:11  Probe  
  65  5:15  Probe, Robotics Bay  
  65  5:19  Zealot  
  68  5:24  Immortal (Chrono Boost)  
  72  5:42  Nexus  
  72  5:44  Pylon, Sentry  
  72  5:47  Probe  
  72  5:48  Probe  
  76  5:59  Colossus (Chrono Boost)  
  76  6:00  Probe x2  
  84  6:12  Probe x2  
  84  6:14  Sentry  
  88  6:18  Forge  
  88  6:21  Extended Thermal Lance  
  88  6:24  Probe  
  90  6:30  Pylon  
  90  6:32  Twilight Council  
  89  6:33  Gateway  
  89  6:36  Sentry  
  89  6:37  Gateway  
  91  6:40  Gateway  
  91  6:47  Probe  
  91  6:51  Stalker x2  
  89  6:58  Probe  
  86  7:01  Probe  
  86  7:04  Colossus  
  93  7:08  Probe  
  93  7:10  Probe  
  93  7:13  Probe  
  96  7:18  Protoss Ground Weapons Level 1  
  96  7:20  Probe  
  96  7:22  Probe  
  98  7:27  Probe, Photon Cannon  
  99  7:32  Probe  
  100  7:50  Zealot x5  
  110  7:54  Probe  
  110  7:55  Probe  
  110  7:58  Probe  
  113  7:59  Phoenix  
  113  8:00  Shield Battery  
  113  8:03  Stalker  
  108  8:06  Probe  
  108  8:11  Pylon  
  108  8:12  Pylon  
  105  8:21  Probe  
  105  8:24  Probe x2  
  107  8:29  Photon Cannon  
  107  8:33  Probe  
  108  8:35  Colossus  
  108  8:36  Probe  
  108  8:38  Probe  
  108  8:39  Photon Cannon  
  116  8:45  Probe  
  116  8:48  Probe, Assimilator  
  118  8:50  Probe  
  118  8:53  Assimilator  
  119  8:57  Probe  
  119  8:59  Twilight Council  
  119  9:01  Gateway  
  120  9:03  Probe  
  120  9:08  Zealot x2  
  125  9:13  Pylon  
  125  9:15  Pylon  
  125  9:23  Pylon  
  125  9:29  Protoss Ground Armor Level 1  
  125  9:30  Pylon  
  125  9:31  Probe x3  
  128  9:34  Observer (Chrono Boost)  
  129  9:38  Robotics Facility  
  129  9:43  Probe x3  
  132  9:47  Charge  
  132  9:49  Gateway  
  132  9:52  Gateway  
  132  9:55  Probe x3  
  132  9:56  Stalker x3  
  140  10:03  Stalker  
  142  10:07  Probe  
  142  10:10  Pylon, Gateway  
  142  10:11  Observer (Chrono Boost)  
  142  10:12  Pylon  
  144  10:25  Pylon  
  145  10:28  Observer (Chrono Boost)  
  145  10:31  Nexus  
  145  10:32  Templar Archives, Pylon  
  145  10:37  Disruptor (Chrono Boost)  
  145  10:41  Stalker x2, Disruptor (Chrono Boost)  
  145  10:42  Stalker x2  
  156  10:44  Pylon  
  159  10:52  Pylon x2  
  159  10:57  Photon Cannon  
  159  11:02  Disruptor (Chrono Boost)  
  162  11:06  Disruptor (Chrono Boost)  
  162  11:09  Nexus  
  165  11:11  High Templar x3  
  165  11:12  High Templar  
  165  11:15  Archon x2  
  165  11:17  High Templar  
  175  11:18  High Templar  
  175  11:20  Zealot  
  175  11:21  Zealot x2  
  175  11:22  Archon  
  175  11:25  Pylon  
  183  11:31  Pylon  
  183  11:33  Zealot, Disruptor  
  183  11:36  Blink (Chrono Boost)  
  187  11:49  Nexus  
  179  11:59  Stalker x4  
  162  12:05  Stalker x2  
  151  12:28  Stalker x7  
  163  12:32  Disruptor  
  163  12:35  Disruptor  
  169  12:44  Zealot x3  
  158  13:08  Colossus (Chrono Boost)  
  150  13:13  Stalker x5  
  150  13:15  Probe x2  
  150  13:16  Probe  
  161  13:23  Protoss Ground Armor Level 2 (Chrono Boost)  
  161  13:25  Forge  
  133  13:42  Disruptor (Chrono Boost)  
  123  13:50  Stalker x6  
  123  13:51  Probe x2  
  123  13:52  Probe  
  123  13:53  Probe  
  139  13:59  Robotics Facility, Disruptor (Chrono Boost)  
  139  14:02  Shield Battery  
  142  14:03  Protoss Ground Weapons Level 2 (Chrono Boost)  
  142  14:14  Disruptor  
  145  14:18  Zealot  
  145  14:19  Zealot  
  145  14:21  Zealot x2  
  145  14:22  Zealot x3  
  159  14:25  Assimilator  
  159  14:27  Disruptor  
  159  14:29  Assimilator  
  158  14:47  Disruptor (Chrono Boost)  
  158  14:50  Disruptor (Chrono Boost)  
  158  14:51  Zealot  
  158  14:52  Zealot x5  
  174  15:00  Disruptor (Chrono Boost)  
  174  15:06  Stalker x2  
  174  15:07  Stalker, Nexus  
  183  15:12  Probe  
  176  15:14  Stalker x2  
  180  15:27  Probe  
  160  15:28  Stalker x3  
  160  15:31  Probe  
  162  15:36  Stalker x5  
  162  15:38  Probe  
  162  15:42  Zealot  
  172  15:50  Disruptor  
  172  15:53  Zealot x2  
  172  15:54  Zealot  
  172  15:57  Protoss Ground Armor Level 3 (Chrono Boost)  
  169  16:13  Disruptor  
  168  16:22  Stalker x5  
  176  16:30  Zealot x2  
  180  16:34  Pylon  
  176  16:40  Zealot x3  
  176  16:43  Protoss Ground Weapons Level 3 (Chrono Boost)  
  170  16:59  Disruptor  
  139  17:04  Stalker x3  
  139  17:08  Probe  
  143  17:11  Stalker  
  143  17:12  Stalker  
  147  17:18  Pylon  
  147  17:24  Disruptor  
  150  17:31  Disruptor  
  150  17:35  Disruptor  
  150  17:37  Stalker x2  
  145  17:58  Stalker x3  
  148  18:00  Disruptor  
  153  18:23  Nexus  
  151  18:34  Stalker  
  135  18:55  High Templar  
  135  18:56  High Templar x4  
  135  19:00  Archon x2  
  139  19:25  Pylon  
  139  19:28  Stalker  
  139  19:29  Stalker  
  143  19:42  Disruptor, Observer  
  140  19:58  Unknown  
  140  20:07  Zealot x2  
  140  20:10  Zealot  
  146  20:15  Nexus  
  146  20:18  Psionic Storm  
  146  20:41  Disruptor  
  149  20:49  Zealot x6  
  161  20:50  Zealot  
  155  21:01  Disruptor  
  154  21:26  Shield Battery  
  154  21:28  Photon Cannon  
  154  21:29  Disruptor  
  154  21:30  Photon Cannon  
  154  21:31  Photon Cannon  
  157  21:42  Nexus  
  133  21:59  High Templar  
  130  22:11  High Templar  
  118  22:32  Pylon  
  108  22:55  Zealot  
  106  23:20  Nexus  
  106  23:23  Observer  
  106  23:25  Observer  
Show
View Real Time Build Order
Export as new Build Order

MaSa Terran 

Build Orders:  

Get SALT Encoding   

  12  0:00  SCV  
  13  0:12  SCV  
  14  0:17  Supply Depot  
  14  0:24  SCV  
  15  0:38  SCV  
  15  0:40  Barracks  
  16  0:44  Refinery  
  16  0:50  SCV  
  17  1:02  SCV  
  18  1:14  SCV  
  19  1:28  Orbital Command, Marine  
  20  1:53  Command Center  
  20  1:55  Factory  
  20  1:57  SCV  
  21  2:03  Barracks Reactor  
  21  2:07  Supply Depot  
  21  2:10  SCV  
  22  2:18  Bunker  
  22  2:22  SCV  
  23  2:24  Refinery  
  23  2:37  SCV  
  24  2:40  Starport  
  24  2:43  Hellion  
  26  2:44  Marine  
  26  2:48  Marine  
  26  2:50  SCV  
  29  3:02  SCV, Marine  
  29  3:05  Hellion, Marine  
  33  3:11  Orbital Command  
  34  3:17  Medivac  
  34  3:19  SCV  
  37  3:21  Marine  
  37  3:26  Hellion  
  40  3:31  SCV  
  41  3:37  Supply Depot  
  41  3:38  SCV  
  42  3:42  Supply Depot  
  42  3:43  SCV  
  42  3:45  Marine  
  42  3:48  Marine  
  45  3:53  SCV  
  46  3:59  SCV, Widow Mine  
  49  4:03  Marine  
  49  4:05  SCV, Marine  
  52  4:11  SCV  
  52  4:16  Viking  
  55  4:18  SCV  
  55  4:21  Widow Mine  
  58  4:24  SCV  
  58  4:26  Marine x2  
  58  4:30  SCV  
  62  4:39  Command Center  
  62  4:47  Engineering Bay  
  62  4:48  Supply Depot  
  62  5:00  Barracks Tech Lab  
  62  5:01  Barracks  
  62  5:03  Barracks  
  62  5:10  SCV x2  
  62  5:11  Supply Depot  
  64  5:19  Stimpack, Marine  
  64  5:20  Terran Infantry Weapons Level 1  
  64  5:21  Refinery  
  65  5:22  SCV x2  
  67  5:34  SCV x2  
  67  5:35  Supply Depot  
  69  5:38  Marauder  
  71  5:43  Refinery  
  71  5:46  SCV  
  71  5:47  SCV  
  71  5:48  Marine x2  
  75  5:51  Starport Reactor, Barracks  
  75  5:52  Barracks Tech Lab  
  75  5:53  Barracks  
  75  5:55  Barracks Reactor  
  75  6:00  SCV  
  75  6:01  SCV, Orbital Command  
  77  6:07  Marauder, Marine x2  
  80  6:13  SCV x2  
  80  6:17  Supply Depot  
  80  6:18  Factory Reactor, Factory Tech Lab  
  80  6:24  Marine x2  
  80  6:25  SCV  
  83  6:27  Medivac x2  
  83  6:28  SCV  
  83  6:29  SCV  
  83  6:31  Marine x2  
  91  6:34  Supply Depot  
  91  6:35  Supply Depot  
  91  6:36  Marauder  
  91  6:37  SCV  
  94  6:40  SCV  
  94  6:43  Marine  
  94  6:44  Marine, Barracks Tech Lab  
  94  6:45  Barracks Tech Lab  
  97  6:49  SCV  
  97  6:52  SCV  
  97  6:54  SCV  
  100  6:58  Marine x2  
  100  6:59  Marauder  
  100  7:01  Medivac x2, Widow Mine x2  
  104  7:02  Orbital Command  
  104  7:07  SCV x2  
  108  7:12  Armory  
  108  7:14  Engineering Bay  
  108  7:15  Terran Infantry Armor Level 1  
  108  7:23  Marine x3  
  108  7:24  Marauder x3  
  108  7:28  Widow Mine x2  
  121  7:30  SCV  
  121  7:35  SCV  
  123  7:37  Marine  
  123  7:39  SCV  
  123  7:43  Medivac  
  125  7:45  Supply Depot  
  125  7:46  Marauder  
  125  7:47  Supply Depot  
  124  7:55  Medivac  
  124  7:56  Combat Shield  
  124  7:57  Concussive Shells  
  124  8:01  Marine  
  125  8:07  Marauder  
  125  8:08  Marine x2  
  125  8:09  Marauder x2, Marine  
  126  8:13  Viking  
  126  8:18  Marine  
  127  8:24  SCV x2  
  127  8:25  Viking, Terran Infantry Weapons Level 2  
  127  8:26  Marine  
  126  8:29  Marauder  
  126  8:30  Marauder x2  
  126  8:33  Widow Mine x2  
  133  8:34  Marine x2  
  133  8:37  SCV, Missile Turret  
  133  8:38  SCV  
  133  8:40  SCV  
  133  8:41  Terran Ship Weapons Level 1  
  133  8:43  Viking  
  133  8:50  Marauder  
  133  8:51  Marauder, Refinery x2  
  133  8:52  Starport  
  133  8:53  Supply Depot  
  133  8:54  SCV x2  
  133  8:55  SCV  
  140  8:56  Supply Depot, Marine  
  141  9:11  Terran Infantry Armor Level 2  
  141  9:12  Command Center  
  141  9:14  Viking  
  141  9:16  Supply Depot  
  141  9:17  Supply Depot  
  143  9:18  SCV  
  143  9:19  SCV x2, Ghost Academy  
  146  9:26  Marauder x3  
  146  9:28  Marine  
  146  9:29  Marine  
  146  9:30  SCV  
  155  9:40  Marine  
  155  9:41  SCV, Supply Depot  
  155  9:43  Supply Depot  
  155  9:44  SCV x2  
  156  9:47  Marauder x2  
  156  9:48  Marauder  
  156  9:50  Viking x2  
  166  9:53  SCV  
  165  10:03  Marine x2  
  165  10:05  SCV x3  
  168  10:08  Marauder  
  168  10:09  Marauder  
  168  10:12  Supply Depot  
  168  10:13  Supply Depot  
  172  10:16  Viking  
  167  10:22  Ghost  
  167  10:26  Viking  
  171  10:29  Ghost x2  
  171  10:30  Viking  
  177  10:37  Viking, Missile Turret  
  177  10:39  Marine x3  
  182  10:44  Marine  
  182  10:46  Viking, SCV  
  182  10:49  Enhanced Shockwaves  
  186  10:56  Viking  
  188  11:05  Viking  
  188  11:06  Viking  
  188  11:09  Sensor Tower  
  192  11:11  Unknown  
  192  11:12  Planetary Fortress  
  192  11:18  Viking  
  194  11:32  Viking  
  196  11:35  Viking  
  190  11:43  Marine x3  
  190  11:44  Marauder x2, Marine  
  198  11:49  Liberator  
  188  11:59  Marauder, Liberator  
  151  12:01  Marine x3, Liberator  
  151  12:02  Marine  
  151  12:04  Marine  
  151  12:05  Marauder  
  127  12:19  Marine x2  
  127  12:20  Marauder, Marine x2  
  127  12:21  Liberator  
  132  12:23  SCV x3, Marauder  
  132  12:26  Marauder  
  137  12:32  Liberator  
  137  12:33  Command Center  
  137  12:35  Barracks  
  137  12:36  Barracks x2  
  140  12:37  Marine  
  140  12:41  Marauder  
  140  12:42  Medivac  
  145  12:44  Marauder  
  145  12:47  Ghost  
  148  12:51  Marine x2  
  148  12:52  Marine  
  144  13:00  Marine  
  144  13:03  Marauder  
  132  13:06  Marauder  
  132  13:09  Marine x2  
  132  13:12  Marine  
  127  13:13  SCV x2  
  127  13:14  Command Center  
  127  13:16  Terran Infantry Weapons Level 3, Marauder  
  127  13:17  Marine  
  132  13:22  Supply Depot, Marine  
  132  13:23  Marine  
  132  13:24  Marauder  
  138  13:27  Marauder, Marine  
  138  13:31  Marine x3  
  132  13:36  Marine  
  132  13:38  Marauder  
  132  13:40  Marine x2  
  123  13:45  Marine  
  123  13:46  Marauder  
  123  13:48  Marauder  
  123  13:49  Marine  
  123  13:50  Terran Infantry Armor Level 3  
  123  13:53  SCV  
  123  13:54  SCV  
  126  13:59  Marauder  
  126  14:00  Fusion Core  
  126  14:01  Liberator  
  131  14:05  SCV  
  131  14:06  Terran Ship Weapons Level 2  
  131  14:07  Marauder, Liberator  
  139  14:10  Marauder  
  139  14:16  Liberator  
  139  14:17  Marine  
  142  14:19  Barracks Tech Lab x2  
  142  14:20  Marauder, Marine x4  
  149  14:25  Missile Turret  
  149  14:27  Orbital Command  
  149  14:28  Marauder  
  153  14:31  Marauder  
  153  14:34  Marine  
  153  14:36  Unknown  
  153  14:37  Marine  
  150  14:41  Marine x3  
  150  14:42  Marauder x3  
  156  14:46  Liberator  
  156  14:50  Marauder  
  156  14:52  Marine  
  162  14:53  Marauder  
  162  14:54  Advanced Ballistics  
  162  14:55  Marine  
  162  14:57  Orbital Command  
  162  14:59  Marine x2  
  166  15:03  Marauder x3, Marine  
  173  15:10  Marine  
  173  15:11  Marauder  
  173  15:13  Marine  
  177  15:14  Marauder  
  176  15:24  Ghost, Marauder x2  
  176  15:28  Marine x4  
  176  15:32  Marauder  
  176  15:33  Marine  
  180  15:35  Marauder  
  180  15:36  Liberator x2  
  180  15:38  SCV x4  
  180  15:40  Supply Depot  
  189  15:45  Marine  
  189  15:46  Marauder x2, Marine, Liberator  
  189  15:47  Command Center  
  193  15:50  SCV, Refinery  
  193  15:54  Refinery  
  191  15:57  Marauder x2, Marine x3  
  197  16:04  Marauder  
  197  16:07  Marauder  
  178  16:13  Marauder, Marine x2  
  178  16:15  Marine x3  
  178  16:16  Liberator  
  183  16:18  Marine  
  183  16:19  Marauder, Liberator  
  183  16:25  SCV x3, Marine  
  180  16:28  Marauder  
  180  16:31  Marine x2, Liberator  
  186  16:32  Marine  
  186  16:33  Marine x2  
  186  16:35  Marauder  
  186  16:37  Marauder  
  181  16:40  Marauder  
  181  16:43  Marine  
  181  16:46  Liberator  
  185  16:49  Marine x2  
  185  16:50  Marauder, Marine  
  183  16:56  Marauder, Marine  
  183  16:58  Marauder  
  183  16:59  Marine  
  183  17:01  Marauder, Marine  
  168  17:06  Marine  
  168  17:07  Marine  
  164  17:08  Marine  
  164  17:10  Terran Ship Weapons Level 3  
  164  17:11  Marauder  
  164  17:12  Medivac  
  164  17:14  Medivac  
  171  17:16  Medivac  
  171  17:18  Marine x2  
  175  17:26  Marauder x3, Marine x2  
  177  17:37  Liberator  
  177  17:42  Marauder, Marine x2  
  177  17:43  Marauder  
  185  17:49  Marine x2  
  185  17:50  Marauder x2  
  191  17:55  Liberator  
  179  17:59  Marauder, Marine  
  179  18:00  SCV x3, Marine  
  179  18:04  Marauder  
  188  18:05  Refinery  
  188  18:07  Refinery  
  188  18:08  Unknown, Marine x4  
  188  18:10  Marine x2  
  188  18:12  SCV x3  
  197  18:22  Marauder, Marine  
  192  18:36  Liberator x2  
  174  18:46  Marauder, Marine  
  174  18:48  Marauder, Marine x2  
  137  18:51  Marine  
  137  18:52  Marauder x2, Marine x2  
  130  18:57  SCV x2  
  132  19:04  Command Center, Marine  
  132  19:06  Marine x2  
  132  19:07  Marine  
  132  19:09  Marine x2  
  138  19:10  Marauder, Marine  
  138  19:13  Marine  
  133  19:17  Marauder  
  133  19:21  Marine  
  133  19:23  Medivac, Marine x2  
  137  19:26  Marauder  
  137  19:28  Orbital Command, Marine x2  
  141  19:35  Marauder  
  139  19:45  Sensor Tower  
  139  19:51  Marauder x2  
  139  19:52  Marine  
  139  20:00  Marine  
  139  20:01  Marauder  
  142  20:14  Marine  
  142  20:15  Marauder x2  
  142  20:16  Medivac  
  149  20:22  Liberator  
  149  20:27  Liberator  
  154  20:34  Liberator  
  154  20:39  Marauder, Marine  
  148  20:44  Marine  
  148  20:45  Marauder  
  135  20:57  Marine  
  135  20:58  Marauder  
  128  21:09  Marauder x2  
  102  21:56  Marauder  

Tags
 
Add a new tag
Caveats
  • Supply blocks, unpowered buildings, or Contaminate may cause inaccurate times.
  • Supply counts are checked every 10 seconds.